 Dungeon Crawl Stone Soup version 0.18.1-47-g9310371 (webtiles) character file.

2480 sleepydude the Basher (level 9, 0/74 HPs)
             Began as a Deep Dwarf Fighter on June 16, 2016.
             Was a Priest of Okawaru.
             Slain by an orc warrior
             ... wielding a +0 dire flail
              (18 damage)
             ... on level 7 of the Dungeon.
             The game lasted 00:35:17 (5099 turns).

sleepydude the Basher (Deep Dwarf Fighter)          Turns: 5099, Time: 00:35:18

Health: 0/74       AC:  9    Str: 22    XL:     9   Next: 27%
Magic:  9/9        EV:  9    Int:  9    God:    Okawaru [***...]
Gold:   359        SH: 10    Dex: 13    Spells: 0 memorised, 8 levels left

rFire  . . .     SeeInvis .     w - +2 whip (flame)
rCold  . . .     Gourm    .     b - +0 scale mail
rNeg   . . .     Faith    .     c - +0 shield
rPois  .         Spirit   .     D - +1 hat {MR+}
rElec  .         Dismiss  .     (no cloak)
rCorr  .         Reflect  .     h - +0 pair of gloves
SustAt .         Harm     .     (no boots)
MR     ++...                    (no amulet)
Stlth  ..........               (no ring)
                                (no ring)

@: non-regenerating, very resistant to hostile enchantments, extremely
unstealthy
A: damage resistance, recharge devices, sense surroundings 2, slow regeneration
3
a: Device Recharging, Heroism, Renounce Religion


You were on level 7 of the Dungeon.
You worshipped Okawaru.
Okawaru was most pleased with you.
You were not hungry.

You visited 2 branches of the dungeon, and saw 8 of its levels.
You also visited: Ossuary.

You collected 359 gold pieces.

Inventory:

Hand Weapons
 a - a +0 flail
 i - a +0 mace
 w - a +2 whip of flaming (weapon)
Armour
 b - a +0 scale mail (worn)
 c - a +0 shield (worn)
 h - a +0 pair of gloves (worn)
 k - a +0 helmet
 D - a +1 hat of magic resistance (worn)
Wands
 e - a wand of heal wounds (1/9)
 v - a wand of acid (11/15)
Scrolls
 g - a scroll of enchant weapon
 j - 10 scrolls of identify
 l - 10 scrolls of teleportation
 m - a scroll of magic mapping
 q - 2 scrolls of recharging
 s - 2 scrolls of amnesia
 u - 2 scrolls of remove curse
 y - a scroll of fear
Potions
 d - 4 potions of might
 n - a potion of agility
 r - 2 potions of heal wounds
 t - 2 potions of flight
 x - a potion of berserk rage
 z - a potion of cure mutation
Comestibles
 f - 5 bread rations
 o - 4 fruits
 p - 9 meat rations
 F - a slice of pizza


   Skills:
 - Level 2.6 Fighting
 * Level 11.6 Maces & Flails
 + Level 4.2 Armour
 + Level 2.6 Dodging
 + Level 4.4 Shields


You had 8 spell levels left.
You didn't know any spells.

Dungeon Overview and Level Annotations

Branches:
Dungeon (7/15)             Temple (1/1) D:4

Altars:
Ashenzari
Cheibriados
Dithmenos
Elyvilon
Fedhas
Gozag
Kikubaaqudgha
Makhleb
Nemelex Xobeh
Okawaru
Pakellas
Qazlal
Ru
Sif Muna
Trog
Vehumet
Xom
Yredelemnul
Zin
The Shining One

Shops:
D:5 [


Innate Abilities, Weirdness & Mutations

You are resistant to damage.
You can recharge devices by infusing magical energy.
You passively map the area around you.
You do not regenerate naturally.


Message History

The orc warrior is heavily wounded.
You block the orc's attack.
The orc warrior hits you with a dire flail.
* * * LOW HITPOINT WARNING * * *
You barely miss the orc warrior.
The orc warrior is heavily wounded.
Evoke which item? (* to show all) (? for menu, Esc to quit)
Zapping:
e - a wand of heal wounds (3/9)
Press: ? - help, Shift-Dir - straight line, f - you You feel much better.
This wand has 2 charges left.
The orc hits you but does no damage. Space bends around you.
The orc warrior hits you with a dire flail!
Evoke which item? (* to show all) (? for menu, Esc to quit)
Zapping:
e - a wand of heal wounds (2/9)
Press: ? - help, Shift-Dir - straight line, f - you You feel much better.
This wand has 1 charge left.
The orc hits you but does no damage. Space warps horribly around you!
* * * LOW HITPOINT WARNING * * *
The orc warrior hits you with a dire flail!!
You die...

####.#.#..#...#.#.#
..........#...#..<#
####...##....o###.##
.......#..#o#.# #..#
>........##...# #..#
.........#...## #..#
........##.#.####..#
..............o##..####
.).........#.#oo@.....#
...........#.####.#####
.....#.....#.# #.#
...........#.# #.#
.......###.#.# #.#
.......###.#.# #.#
.......).#.#.# #.#
.......#.....# #.#
.............####.#######


You could see an orc warrior and 2 orcs.

Vanquished Creatures
  Pikel (D:5)
  Menkaure (D:5)
  A sky beast (D:6)
  3 black bears
  An ogre (D:6)
  2 centaurs (D:6)
  2 elf zombies (Ossuary)
  A giant frog (D:6)
  A troll zombie (Ossuary)
  The ghost of Weresquid the Slasher, a weakling DsGl (D:3)
  2 howler monkeys (D:5)
  A giant frog zombie (D:5)
  3 hounds
  3 centaur zombies
  A human zombie (D:5)
  A giant frog skeleton (D:4)
  3 orc wizards
  2 human skeletons (D:5)
  An iguana (D:6)
  A worker ant (D:7)
  2 ogre zombies (Ossuary)
  7 mummies (Ossuary)
  11 gnolls
  11 adders
  3 oozes
  4 adder zombies (Ossuary)
  2 worms
  A dart slug (D:1)
  3 giant geckos
  13 orcs
  3 ball pythons
  7 giant cockroaches
  6 goblins
  9 hobgoblins
  7 kobolds
  3 quokkas
  5 bats
  A giant gecko zombie (D:7)
  6 giant newts
  A gnoll zombie (Ossuary)
  5 goblin zombies (Ossuary)
  4 hobgoblin zombies (Ossuary)
  4 kobold zombies (Ossuary)
  An orc skeleton (D:5)
  3 quokka zombies (Ossuary)
  6 rats
  2 rat zombies (Ossuary)
162 creatures vanquished.

Vanquished Creatures (others)
  2 slaves (D:5)
  An elf skeleton (D:5)
  A hound (D:5)
  A human skeleton (D:5)
  2 orcs (D:5)
7 creatures vanquished.

Grand Total: 169 creatures vanquished

Notes
Turn   | Place    | Note
--------------------------------------------------------------
     0 | D:1      | sleepydude the Deep Dwarf Fighter began the quest for the Orb.
     0 | D:1      | Reached XP level 1. HP: 20/20 MP: 1/1
    23 | D:1      | Reached XP level 2. HP: 27/27 MP: 2/2
   197 | D:1      | Reached skill level 3 in Maces & Flails
   353 | D:1      | Found a shimmering altar of Xom.
   650 | D:1      | Reached XP level 3. HP: 28/33 MP: 3/3
   845 | D:2      | Reached skill level 4 in Maces & Flails
   938 | D:2      | Reached XP level 4. HP: 24/40 MP: 4/4
  1206 | D:2      | Gained mutation: You are resistant to hostile enchantments. [potion of mutation]
  1206 | D:2      | Gained mutation: Your spells are a little easier to cast, but a little less powerful. [potion of mutation]
  1759 | D:3      | Noticed Weresquid's ghost (weakling DsGl)
  1770 | D:3      | Killed Weresquid's ghost
  1770 | D:3      | Reached skill level 5 in Maces & Flails
  1770 | D:3      | Reached XP level 5. HP: 28/46 MP: 5/5
  2185 | D:4      | Found a staircase to the Ecumenical Temple.
  2194 | Temple   | Entered the Ecumenical Temple
  2265 | Temple   | Became a worshipper of Warmaster Okawaru
  2391 | D:4      | Reached skill level 6 in Maces & Flails
  2630 | D:4      | Reached XP level 6. HP: 35/55 MP: 6/6
  2715 | D:5      | Entered Level 5 of the Dungeon
  2715 | D:5      | Noticed Pikel
  2715 | D:5      | Noticed a slave
  2715 | D:5      | Noticed a slave
  2715 | D:5      | Noticed a slave
  2715 | D:5      | Noticed a slave
  2742 | D:5      | Killed Pikel
  2742 | D:5      | Reached * piety under Okawaru
  2742 | D:5      | Reached skill level 8 in Maces & Flails
  2742 | D:5      | Reached XP level 7. HP: 37/61 MP: 7/7
  2777 | D:5      | Found Ifoat's Antique Armour Emporium.
  2946 | D:5      | Found a sparkling altar of Nemelex Xobeh.
  2981 | D:5      | Found a glowing drain.
  3029 | D:5      | Reached skill level 9 in Maces & Flails
  3280 | D:5      | Reached XP level 8. HP: 37/68 MP: 8/8
  3298 | D:5      | Found a sand-covered staircase.
  3313 | Ossuary  | Entered an ossuary
  3456 | Ossuary  | Reached ** piety under Okawaru
  3456 | Ossuary  | Reached skill level 10 in Maces & Flails
  3825 | D:5      | Noticed Menkaure
  3836 | D:5      | Killed Menkaure
  3944 | D:5      | Reached skill level 11 in Maces & Flails
  4451 | D:6      | Reached skill level 1 in Dodging
  4478 | D:6      | Gained mutation: You passively map the area around you. [Deep Dwarf growth]
  4478 | D:6      | Reached XP level 9. HP: 38/74 MP: 6/9
  4621 | D:6      | Found a shattered altar of Ashenzari.
  4622 | D:6      | Found a stormy altar of Qazlal.
  4658 | D:6      | Reached *** piety under Okawaru
  4895 | D:7      | Lost mutation: You are resistant to hostile enchantments. [potion of cure mutation]
  4895 | D:7      | Lost mutation: Your spells are a little easier to cast, but a little less powerful. [potion of cure mutation]
  5099 | D:7      | Slain by an orc warrior

Skill      XL: |  1  2  3  4  5  6  7  8  9 |
---------------+----------------------------+-----
Maces & Flails | 3 4 5 6 8 9 11 | 11.6
Dodging        | 1 2 |  2.6
Shields        | 4 |  4.4
Armour         | 4 |  4.2
Fighting       | |  2.6

Action                   |  1- 3 |  4- 6 |  7- 9 || total
-------------------------+-------+-------+-------++-------
Melee: Flail             |    88 |   198 |     3 ||   289
       Whip              |       |       |   539 ||   539
Invok: Heroism           |       |       |     2 ||     2
Evoke: Wand              |       |     4 |    12 ||    16
  Use: Potion            |       |     5 |     4 ||     9
       Scroll            |       |     3 |    10 ||    13
  Eat: Chunk             |       |     6 |     6 ||    12
       Beef jerky        |       |       |     2 ||     2
Armor: Scale mail        |    35 |   110 |   125 ||   270
Dodge: Dodged            |    35 |   101 |    78 ||   214
Block: Shield            |    56 |   119 |   158 ||   333
